 Dungeon Crawl Stone Soup version 0.29.1-13-g9f3cf754e1 (webtiles) character file.

Game seed: 17350180331469322766

263 xian the Grave Robber (level 5, 0/31 (36) HPs)
             Began as a Demonspawn Necromancer on Feb 10, 2023.
             Slain by a wight
             ... wielding a +6 long sword of freezing
              (2 damage)
             ... on level 3 of the Dungeon.
             The game lasted 00:08:41 (3465 turns).

xian the Grave Robber (Demonspawn Necromancer)      Turns: 3465, Time: 00:08:43

HP:   0/31 (36)     AC: 11    Str:  8    XL:     5   Next: 98%
MP:   9/9           EV: 12    Int: 18    God:
Gold: 191           SH:  0    Dex: 14    Spells: 2/10 levels left

rFire   . . .      SeeInvis .   k - +1 dagger (protect)
rCold   . . .      Faith    .   (no shield)
rNeg    . . .      Spirit   .   a - +0 robe
rPois   .          Reflect  .   (no helmet)
rElec   .          Harm     .   (no cloak)
rCorr   .          Rampage  .   (no gloves)
Will    .....                   (no boots)
Stlth   ++........              (no amulet)
HPRegen 0.10/turn               (no ring)
MPRegen 0.11/turn               (no ring)

@: under a protective aura, heavily drained
A: thin metallic scales 1, demonic guardian 2
a: no special abilities


You were on level 3 of the Dungeon.
You visited 1 branch of the dungeon, and saw 3 of its levels.

You collected 191 gold pieces.

Inventory:

Hand Weapons
 j - a +0 dagger
 k - a +1 dagger of protection (weapon)
Armour
 a - a +0 robe (worn)
Jewellery
 f - a +6 ring of dexterity
Scrolls
 e - a scroll of enchant armour {unknown}
 g - 3 scrolls of identify {unknown}
 h - a scroll of blinking {unknown}
 o - a scroll of noise {unknown}
 r - a scroll of vulnerability {unknown}
Potions
 b - 2 potions of magic
 c - 4 potions of curing
 d - a potion of mutation {unknown}
 i - 2 potions of flight {unknown}
 l - 2 potions of lignification {unknown}
 m - 2 potions of might {unknown}
 n - a potion of heal wounds {unknown}
 p - a potion of invisibility {unknown}
 q - a potion of ambrosia {unknown}


   Skills:
 + Level 0.7 Fighting
 + Level 1.9 Short Blades
 + Level 2.2 Dodging
 + Level 2.3 Stealth
 + Level 3.2 Spellcasting
 + Level 6.1 Necromancy


You had 2 spell levels left.
You knew the following spells:

 Your Spells              Type           Power      Damage    Failure   Level
a - Necrotise             Necr           100%       1d9       1%          1
b - Vampiric Draining     Necr           25%        2d7       3%          3
c - Animate Dead          Necr           25%        N/A       13%         4

Your spell library contained the following spells:

 Spells                   Type           Power      Damage    Failure   Level
 Agony                    Necr           25%        N/A       34%         5
 Conjure Flame            Conj/Fire      2%         6-21      43%         3
 Ignite Poison            Fire/Tmut/Pois 2%         N/A       43%         3
 Sticky Flame             Conj/Fire      2%         2d3       85%         4


Dungeon Overview and Level Annotations

Branches:
Dungeon (3/15)

Altars:
Ashenzari
Nemelex Xobeh
Trog


Innate Abilities, Weirdness & Mutations

You are partially covered in thin metallic scales. (AC +2)
A demonic guardian rushes to your aid.


Message History

Things that are here:
a +0 scythe; a +0 robe
Things that are here:
a +0 scythe; a +0 robe Why would you want to do that?
There is a faded altar of an unknown god here.
Your orange demon disappears in a puff of smoke!
Your hobgoblin skeleton crumbles into dust!
You now have 191 gold pieces (gained 5).
A wight comes into view.
It is wielding a +6 long sword of freezing.
Found a scroll labelled WOWENO EDGHEMN.
Casting: Vampiric Draining (dangerous; 3% risk of failure)
Confirm with . or Enter, or press ? or * to list all spells.
You can't see any susceptible monsters within range! (Use Z to cast anyway.) Unknown command.
Unknown command.
You hit the wight but do no damage.
Your weapon exudes an aura of protection.
The wight hits you with a +6 long sword of freezing!
A demonic guardian appears!
The wight freezes you.
You hit the wight but do no damage. Your punch misses the wight.
The wight hits you with a +6 long sword of freezing!
* * * LOW HITPOINT WARNING * * *
You feel drained. The wight freezes you.
* * * LOW HITPOINT WARNING * * *
The wight attacks as you move away! The wight closely misses you.
Your ice devil closely misses the wight.
It was a potion of curing.
You feel better.
The wight hits you with a +6 long sword of freezing.
* * * LOW HITPOINT WARNING * * *
You feel drained. The wight freezes you.
* * * LOW HITPOINT WARNING * * *
You hit the wight.
The wight is lightly damaged.
Your ice devil hits the wight!
Your ice devil freezes the wight.
The wight resists.
The wight hits you with a +6 long sword of freezing.
* * * LOW HITPOINT WARNING * * *
You feel drained.
You die...

#.#####..###.###
#............#
....#.#....### ....#...##.#
....#..###.###########
....#..###.##......... #
................##### #.#
......##...##.#.#######...#
###.....)..+..#.@z4.......#
#.####...##.#####..#.#..#
###.#.......#.####...#.# .#
....###....<.......###z#
.#..###....##.##...# .?
.................### ##
...#####....#.##.# .>.#
#....#.##.# ..##
#....#.##..


You could see a wight (ally target) and a friendly ice devil (summoned).

Vanquished Creatures
  3 adders
  A worm (D:3)
  3 dart slugs
  5 endoplasms
  A giant cockroach (D:1)
  6 goblins
  5 hobgoblins
  2 kobolds
  2 quokkas (D:2)
  3 ball pythons
  5 bats
  3 frilled lizards
  4 rats
43 creatures vanquished.

Vanquished Creatures (collateral kills)
  Sigmund (D:3)
  A worm (D:2)
  A dart slug (D:2)
  4 endoplasms
  2 goblins
  A ball python (D:1)
  A bat (D:1)
  A rat (D:1)
12 creatures vanquished.

Grand Total: 55 creatures vanquished

Notes
Turn   | Place    | Note
-------+----------+-------------------------------------------
     0 | D:1      | xian the Demonspawn Necromancer began the quest for the
                  | Orb.
     0 | D:1      | Reached XP level 1. HP: 13/13 MP: 3/3
   445 | D:1      | Gained mutation: You are partially covered in thin metallic
                  | scales. (AC +2) [demonic ancestry]
   445 | D:1      | Reached XP level 2. HP: 17/19 MP: 1/5
  1116 | D:1      | Reached skill level 5 in Necromancy
  1258 | D:1      | Gained mutation: A weak demonic guardian rushes to your
                  | aid. [demonic ancestry]
  1258 | D:1      | Reached XP level 3. HP: 24/24 MP: 3/6
  1533 | D:1      | Learned a level 3 spell: Vampiric Draining
  2755 | D:3      | Gained mutation: A demonic guardian rushes to your aid.
                  | [demonic ancestry]
  2755 | D:3      | Reached XP level 4. HP: 19/30 MP: 2/7
  2865 | D:3      | Found a sparkling altar of Nemelex Xobeh.
  2865 | D:3      | Found a bloodstained altar of Trog.
  2866 | D:3      | Found a broken altar of Ashenzari.
  2877 | D:3      | Learned a level 4 spell: Animate Dead
  2979 | D:3      | Reached skill level 1 in Short Blades
  3199 | D:3      | Found a faded altar of an unknown god.
  3207 | D:3      | Noticed Sigmund
  3223 | D:3      | Killed Sigmund
  3224 | D:3      | Reached skill level 6 in Necromancy
  3224 | D:3      | Reached XP level 5. HP: 13/36 MP: 0/9
  3465 | D:3      | Slain by a wight

Illustrated notes

Levels and vault maps discovered:
D:1:      minmay_arrival_arboretum_small, layout_basic
D:2:      layout_basic, minmay_pentomino_q4
D:3:      layout_basic, amcnicky_altar_gilded, gammafunk_temple_overflow_claw,
          shapermc_ecumenical_altar_starsandcircs, dreamdust_princess_bridge,
          minmay_quantized, uniq_sigmund

Skill      XL: |  1  2  3  4 |
---------------+-------------+-----
Stealth        | 2 |  2.3
Necromancy     | 5 6 |  6.1
Short Blades   | 1 |  1.9
Dodging        | 2 |  2.2
Spellcasting   | 3 |  3.2
Fighting       | |  0.7

Action                   |  1- 3 |  4- 6 || total
-------------------------+-------+-------++-------
Melee: Unarmed           |     5 |       ||     5
       Dagger            |    41 |    25 ||    66
       Club              |     6 |       ||     6
       Punch             |     1 |       ||     1
 Cast: Necrotise         |    60 |    11 ||    71
       Vampiric Draining |     1 |     4 ||     5
  Use: Potion            |       |     1 ||     1
 Stab: Distracted        |     1 |     2 ||     3
Armor: Robe              |    41 |     6 ||    47
Dodge: Dodged            |    50 |    11 ||    61
